AoeStats
← Miklós Zrínyi VII.

Arabia

510615852Analyzed
1v1 RM · 1d ago on Oct 1, 2026· 47m 7s· 2 players
Game mode
Random Map
Map size
Tiny (2 player)
Population
200
Speed
Normal
Resources
Standard
Victory
Conquest
Starting age
Dark Age
Ending age
Imperial Age
RankedLock teamsTeams togetherTeam positionsShared explorationLock speedFull tech treeHidden civsTurbo modeCheats
Victory
Defeat
🇩🇪 Magyars · Germany
562
+16
🇫🇷 Spanish · France
557
-16
pavelpriesel
3:19 Loom
3:36 Loom
11:09 Feudal Age
12:36 Bloodlines
12:53 Double-Bit Axe
17:22 Gold Mining
20:04 Forging
20:00 Scale Barding Armor
21:00 Horse Collar
21:40 Man-at-Arms
22:09 Arson
29:47 Castle Age
28:43 Scale Mail Armor
29:32 Stone Mining
30:31 Heavy Plow
30:47 Husbandry
31:41 Bow Saw
34:46 Iron Casting
38:18 Fervor
39:08 Chain Barding Armor
38:39 Fletching
38:50 Padded Archer Armor
39:42 Ballistics
40:47 Bodkin Arrow
40:41 Town Watch
42:43 Town Patrol
43:35 Wheelbarrow
43:46 Leather Archer Armor
46:41 Pikeman
47:22 Squires
Miklós Zrínyi VII.
7:27 Loom
9:47 Feudal Age
12:46 Double-Bit Axe
15:34 Wheelbarrow
18:23 Castle Age
23:51 Bow Saw
26:34 Fletching
28:47 Bodkin Arrow
28:54 Padded Archer Armor
30:05 Pikeman
31:38 Ballistics
31:38 Leather Archer Armor
32:19 Horse Collar
34:51 Hand Cart
35:36 Husbandry
35:47 Bloodlines
37:01 Scale Mail Armor
40:16 Imperial Age
38:18 Scale Barding Armor
38:49 Thumb Ring
40:34 Cavalier
41:39 Chain Barding Armor
41:20 Bracer
41:51 Ring Archer Armor
42:35 Two-Man Saw
42:15 Parthian Tactics
41:13 Heavy Cavalry Archer
42:58 Chemistry
42:07 Paladin
44:06 Recurve Bow
44:47 Conscription
46:43 Plate Barding Armor
Connection lost

Rejoining the realm…

Still unreachable

The connection could not be restored.

Session expired

The server has moved on; the page needs a fresh start.